Map: Temple gelé

Players

mcDorj

  • Race: Zerg Zerg
  • Spawn Location: 11:00

zidar - Winner!

  • Race: Zerg Zerg
  • League: Platinum
  • Spawn Location: 5:00

VOD

Have the link to the VOD?

Description

Time

  • Played on: Nov. 3, 2016, 2:56 p.m.
  • Length: 4:10
Show
View Real Time Build Order
Export as new Build Order

mcDorj Zerg 

Build Orders: Pool First 

Get SALT Encoding   

  12  0:03  Drone  
  14  0:16  Overlord  
  14  0:19  Drone  
  14  0:38  Spawning Pool  
  14  0:39  Drone  
  14  0:46  Drone  
  15  0:54  Drone  
  16  1:13  Hatchery  
  16  1:16  Drone x2  
  17  1:21  Extractor  
  17  1:22  Drone  
  17  1:46  Extractor  
  16  1:48  Drone x2  
  18  1:54  Queen  
  20  2:05  Overlord x2  
  20  2:15  Baneling Nest, Zergling x2  
  20  2:27  Drone  
  21  2:35  Drone x2  
  23  2:46  Queen  
  23  2:47  Drone x2  
  27  3:00  Overlord  
  27  3:17  Drone x2  
  29  3:20  Zergling x10  
  34  3:29  Evolution Chamber  
  33  3:36  Drone x2  
  35  3:44  Roach Warren  
  28  3:52  Zergling x8  
  28  3:53  Zergling x2  
Show
View Real Time Build Order
Export as new Build Order

zidar Zerg - Winner!

Build Orders: 1 Base Baneling Bust, Pool Only 

Get SALT Encoding   

  12  0:01  Drone  
  13  0:09  Drone  
  14  0:14  Extractor  
  14  0:16  Drone  
  14  0:35  Spawning Pool  
  13  0:40  Drone  
  14  0:49  Overlord  
  14  1:00  Overlord  
  14  1:21  Metabolic Boost  
  14  1:23  Queen  
  16  1:28  Zergling x2  
  16  1:32  Zergling x2  
  18  1:36  Zergling x2  
  19  1:52  Zergling x4  
  21  2:08  Zergling x2  
  22  2:12  Zergling x2  
  23  2:29  Baneling Nest, Zergling x2  
  23  2:35  Zergling x2  
  23  2:36  Zergling x4  
  26  2:41  Zergling x2  
  27  2:49  Zergling x2  
  28  3:10  Zergling x4  
  28  3:12  Overlord x2  
  30  3:31  Baneling x3  
Tags
 
Add a new tag
Caveats
  • Supply blocks, unpowered buildings, or Contaminate may cause inaccurate times.
  • Supply counts are checked every 10 seconds.